 Dungeon Crawl Stone Soup version 0.31-a0-265-gcf7e37af1d (webtiles) character file.

Game seed: 12382079330556616514

363 qw the Shooter (level 6, -3/51 HPs)
             Began as a Minotaur Hexslinger on July 13, 2023.
             Slain by an ice beast (12 damage)
             ... on level 5 of the Dungeon.
             The game lasted 00:00:40 (1958 turns).

qw the Shooter (Minotaur Hexslinger)                Turns: 1958, Time: 00:00:42

Health: -3/51      AC:  3    Str: 12    XL:     6   Next: 39%
Magic:  6/6        EV: 12    Int: 10    God:
Gold:   124        SH:  0    Dex: 15    Spells: 6/7 levels left

rFire   . . .        Y - +1 sling
rCold   . . .        (no shield)
rNeg    . . .        f - +0 leather armour
rPois   .            (helmet restricted)
rElec   .            (no cloak)
rCorr   .            (no gloves)
SInv    .            (no boots)
Will    .....        (no amulet)
Stlth   +            (no ring)
HPRegen 0.28/turn    (no ring)
MPRegen 0.10/turn

%: no passive effects
@: no status effects
A: horns 2, retaliatory headbutt
a: no special abilities


You were on level 5 of the Dungeon.
You visited 1 branch of the dungeon, and saw 5 of its levels.

You collected 124 gold pieces.


Innate Abilities, Weirdness & Mutations

You have a pair of horns on your head.
You reflexively headbutt those who attack you in melee.


   Skills:
 + Level 3.4 Fighting
 - Level 6.9 Ranged Weapons
 - Level 2.1 Dodging
 - Level 1.0 Spellcasting
 - Level 2.0 Hexes


You had 6 spell levels left.
You knew the following spells:

 Your Spells              Type           Power      Damage    Failure   Level
a - Slow                  Hex            16%        N/A       19%         1

Your spell library contained the following spells:

 Spells                   Type           Power      Damage    Failure   Level
 Inner Flame              Hex/Fire       2%         N/A       65%         3
 Portal Projectile        Hex/Tloc       4%         N/A       65%         3
 Cause Fear               Hex            2%         N/A       88%         4

Inventory:

Hand Weapons
 Y - a +1 sling (weapon)
Armour
 f - a +0 leather armour (worn)
Scrolls
 a - a scroll of identify
 b - a scroll of enchant armour {unknown}
 c - a scroll of immolation {unknown}
Potions
 g - a potion of curing {unknown}

Dungeon Overview and Level Annotations

Branches:
Dungeon (6/15)
 Temple: D:4-7

Altars:


Message History

The ice beast is moderately wounded.
You shoot a sling bullet. The sling bullet hits the ice beast.
The ice beast is moderately wounded.
You shoot a sling bullet.
The sling bullet hits the ice beast but does no damage.
The ice beast is moderately wounded.
You shoot a sling bullet. The sling bullet hits the ice beast.
The ice beast is moderately wounded.
You shoot a sling bullet.
The sling bullet closely misses the ice beast.
The ice beast closely misses you.
You shoot a sling bullet.
The sling bullet hits the ice beast but does no damage.
The ice beast is moderately wounded.
The ice beast closely misses you.
You shoot a sling bullet.
The sling bullet closely misses the ice beast.
The ice beast hits you. The ice beast freezes you!
The ice beast hits you but does no damage.
You shoot a sling bullet.
The sling bullet barely misses the ice beast.
The ice beast hits you. The ice beast freezes you!
You shoot a sling bullet. The sling bullet hits the ice beast.
The ice beast is moderately wounded.
The ice beast barely misses you.
You shoot a sling bullet.
The sling bullet hits the ice beast but does no damage.
The ice beast is moderately wounded.
The ice beast hits you. The ice beast freezes you!
You shoot a sling bullet. The sling bullet hits the ice beast.
The ice beast is heavily wounded.
The ice beast hits you but does no damage.
You shoot a sling bullet. The sling bullet hits the ice beast!
The ice beast is severely wounded.
The ice beast completely misses you. You furiously retaliate!
You headbutt the ice beast. You shoot a sling bullet.
The sling bullet hits the ice beast.
The ice beast is almost dead.
The ice beast hits you. The ice beast freezes you!
You die...

.###.....#..#.#..#.#
####>....#..)....#.#
.........##.#......#
.###.....##.####.###
## #.....##.####.#
########......#
######.# #.# #@#
......Y.# #########


You could see an ice beast.

Vanquished Creatures
  Sigmund (D:5)
  An ogre (D:5)
  A scorpion (D:5)
  2 adders (D:2)
  2 dart slugs
  4 endoplasms
  2 giant cockroaches (D:1)
  4 goblins
  7 hobgoblins
  2 jackals (D:1)
  5 ball pythons
  3 bats
  2 frilled lizards (D:1)
  5 kobolds
  4 rats
45 creatures vanquished.

Notes
Turn   | Place    | Note
-------+----------+-------------------------------------------
     0 | D:1      | qw the Minotaur Hexslinger began the quest for the Orb.
     0 | D:1      | Reached XP level 1. HP: 16/16 MP: 1/1
     0 | D:1      | 0 ||| qw: Version: 0.3-a-52-g30416fa
     0 | D:1      | 0 ||| qw: Game counter: 7605
     0 | D:1      | 0 ||| qw: Melee chars always use a shield: true
     0 | D:1      | 0 ||| qw: God list: Okawaru
     0 | D:1      | 0 ||| qw: Allow faded altars: false
     0 | D:1      | 0 ||| qw: Do Orc after clearing Dungeon:15 true
     0 | D:1      | 0 ||| qw: Do second Lair branch before Depths: true
     0 | D:1      | 0 ||| qw: Lair rune preference: random
     0 | D:1      | 0 ||| qw: Goals: Normal
     0 | D:1      | 0 ||| PLANNING D:1-11
    38 | D:1      | 38 ||| FLEEEEING.
    39 | D:1      | 39 ||| FLEEEEING.
    40 | D:1      | 40 ||| FLEEEEING.
    43 | D:1      | 43 ||| FLEEEEING.
    44 | D:1      | 44 ||| FLEEEEING.
    45 | D:1      | 45 ||| FLEEEEING.
    46 | D:1      | 46 ||| FLEEEEING.
    47 | D:1      | 47 ||| FLEEEEING.
    48 | D:1      | 48 ||| FLEEEEING.
    49 | D:1      | 49 ||| FLEEEEING.
    50 | D:1      | 50 ||| FLEEEEING.
    51 | D:1      | 51 ||| FLEEEEING.
    52 | D:1      | 52 ||| FLEEEEING.
    55 | D:1      | 55 ||| FLEEEEING.
    56 | D:1      | 56 ||| FLEEEEING.
    57 | D:1      | 57 ||| FLEEEEING.
    58 | D:1      | 58 ||| FLEEEEING.
   178 | D:1      | Reached skill level 3 in Ranged Weapons
   178 | D:1      | Reached XP level 2. HP: 23/23 MP: 2/2
   578 | D:1      | Reached XP level 3. HP: 29/29 MP: 3/3
   817 | D:1      | 817 ||| UPGRADING to +0 leather armour.
   827 | D:1      | 827 ||| DROPPING +0 robe.
   828 | D:1      | 828 ||| READING 2 scrolls labelled LUONIXK WEIXT.
   829 | D:1      | 829 ||| DROPPING scroll of poison.
   934 | D:2      | Identified the +0 hand axe "Idodiv" {flame, *Noise rElec
                  | Int-2 SInv}
  1078 | D:2      | Reached skill level 4 in Ranged Weapons
  1749 | D:2      | 1749 ||| READING scroll labelled YRARAD BUNAUSI.
  1750 | D:2      | 1750 ||| READING scroll labelled AROREL KOLYN.
  1754 | D:2      | 1754 ||| READING scroll labelled LAQISA WUAJ.
  1755 | D:2      | 1755 ||| DRINKING 2 viscous emerald potions.
  1756 | D:2      | 1756 ||| DRINKING 2 emerald potions.
  1757 | D:2      | 1757 ||| DROPPING potion of brilliance.
  1758 | D:2      | 1758 ||| DROPPING potion of invisibility.
  1803 | D:3      | You fall into a shaft and drop 3 floors!
  1813 | D:6      | 1813 ||| FLEEEEING.
  1814 | D:6      | 1814 ||| STAIRDANCE
  1815 | D:5      | Entered Level 5 of the Dungeon
  1836 | D:5      | Noticed an ogre
  1845 | D:5      | Killed an ogre
  1846 | D:5      | Reached skill level 5 in Ranged Weapons
  1846 | D:5      | Reached XP level 4. HP: 36/36 MP: 4/4
  1846 | D:5      | Reached XP level 5. HP: 41/41 MP: 5/5
  1867 | D:5      | Reached skill level 3 in Fighting
  1889 | D:5      | Noticed Sigmund
  1896 | D:5      | Killed Sigmund
  1897 | D:5      | Reached skill level 6 in Ranged Weapons
  1897 | D:5      | Reached XP level 6. HP: 44/51 MP: 6/6
  1944 | D:5      | Noticed an ice beast
  1955 | D:5      | HP: 9/51 [ice beast (11)]
  1958 | D:5      | Slain by an ice beast

Levels and vault maps discovered:
D:1:      elethiomel_arrival_infinity_welcomes_careful_drivers, layout_basic,
          minmay_cut_off
D:2:      layout_loops_corners
D:3:      layout_loops_corners, bloody_trog, lexackson_kobold_supper
D:5:      layout_loops_cross, uniq_pikel, uniq_sigmund
D:6:      layout_loops_ring, minmay_temple_entry_arrows, dreamdust_gnoll_farm

Skill      XL: |  1  2  3  4  5 |
---------------+----------------+-----
Ranged Weapons | 3 5 6 |  6.9
Fighting       | 2 3 |  3.4
Dodging        | |  2.1
Spellcasting   | |  1.0
Hexes          | |  2.0

Action                     |  1- 3 |  4- 6 || total
---------------------------+-------+-------++-------
   Fire: Sling             |   112 |    29 ||   141
    Use: Scroll            |     4 |       ||     4
         Potion            |     2 |       ||     2
 Armour: Robe              |     4 |       ||     4
         Leather armour    |     4 |     5 ||     9
  Dodge: Dodged            |    22 |     8 ||    30

Table legend:
 A = Non-vault XP
 B = Vault XP
 C = Vault XP percentage of total XP
 D = Non-vault monster count
 E = Vault monster count
 F = Vault count percentage of total count
                 A         B        C        D         E       F
            +---------+---------+-------+---------+---------+-------
      Total |     289 |     230 |  44.3 |      39 |       6 |  13.3
            +---------+---------+-------+---------+---------+-------
        D:1 |      41 |       7 |  14.6 |      23 |       5 |  17.9
        D:2 |      44 |       0 |   0.0 |      13 |       0 |   0.0
        D:5 |     204 |     223 |  52.2 |       3 |       1 |  25.0
            +---------+---------+-------+---------+---------+-------
